 Dungeon Crawl Stone Soup version 0.27.0-1-g7a089689b8 (webtiles) character file.

Game seed: 9760364674577415669

124 eggzz the Magician (level 4, 0/24 HPs)
             Began as a Deep Elf Air Elementalist on Aug 7, 2021.
             Slain by an orc wizard (2 damage)
             ... on level 2 of the Dungeon.
             The game lasted 00:08:30 (2312 turns).

eggzz the Magician (Deep Elf Air Elementalist)      Turns: 2312, Time: 00:08:31

Health: 0/24       AC:  2    Str:  5    XL:     4   Next: 81%
Magic:  12/12      EV: 12    Int: 21    God:
Gold:   40         SH:  0    Dex: 15    Spells: 1/11 levels left

rFire    . . .     SeeInvis .   n - +1 falchion (vamp)
rCold    . . .     Faith    .   (no shield)
rNeg     . . .     Spirit   .   a - +0 robe
rPois    .         Reflect  .   (no helmet)
rElec    .         Harm     .   (no cloak)
rCorr    .         Rampage  .   (no gloves)
Will     .....                  (no boots)
Stlth    +++.......             (no amulet)
HPRegen  0.08/turn              (no ring)
MPRegen  0.13/turn              (no ring)

@: no status effects
A: no striking features
a: no special abilities


You were on level 2 of the Dungeon.
You visited 1 branch of the dungeon, and saw 3 of its levels.

You collected 40 gold pieces.

Inventory:

Hand Weapons
 d - a +0 short sword
 k - a +0 falchion
 n - a +1 vampiric falchion (weapon)
 p - a +2 dagger of holy wrath
Missiles
 g - 5 boomerangs of dispersal (quivered)
Armour
 a - a +0 robe (worn)
Jewellery
 c - a ring of protection from fire
Scrolls
 b - a scroll of magic mapping {unknown}
 e - a scroll of enchant weapon {unknown}
 f - 2 scrolls of identify {unknown}
 h - a scroll of amnesia {unknown}
 i - a scroll of fear {unknown}
Potions
 j - a potion of lignification {unknown}
 l - a potion of flight {unknown}
 m - a potion of brilliance {unknown}
 o - a potion of resistance {unknown}
 q - 2 potions of cancellation {unknown}


   Skills:
 + Level 0.2 Fighting
 + Level 2.6 Dodging
 + Level 3.8 Stealth
 + Level 4.2 Spellcasting
 + Level 2.6 Conjurations
 + Level 3.7 Air Magic


You had one spell level left.
You knew the following spells:

 Your Spells              Type           Power      Damage    Failure   Level
a - Shock                 Conj/Air       68%        1d7       3%          1
b - Static Discharge      Conj/Air       17%        N/A       4%          2
c - Swiftness             Air            20%        N/A       8%          3
d - Airstrike             Air            10%        N/A       26%         4

Your spell library contained the following spells:

 Spells                   Type           Power      Damage    Failure   Level
 Gell's Gravitas          Tloc           2%         N/A       34%         3
 Teleport Other           Tloc           4%         N/A       34%         3
 Dispersal                Tloc           2%         N/A       100%        6


Dungeon Overview and Level Annotations

Branches:
Dungeon (3/15)

Altars:

Shops:
D:2 !


Message History

You barely miss the orc priest.
The orc priest is heavily wounded.
The orc priest begins to cast a cantrip, but forgets the words!
You closely miss the orc priest.
The orc priest is heavily wounded.
The orc priest hits you with a +0 mace. The orc priest misses you.
You riposte.
You closely miss the orc priest.
The orc priest is heavily wounded.
Casting: Shock (safe; 3% risk of failure)
Confirm with . or Enter, or press ? or * to list all spells.
Aiming: Shock (safe; 3% risk of failure)
Press: ? - help, Shift-Dir - straight line, f - orc wizard, p - orc priest
Aim: an orc wizard, wielding a +0 dagger and wearing a +0 robe (64% to hit)
The zap hits the orc priest.
The orc priest is severely wounded.
The zap hits the orc wizard.
The orc wizard is lightly wounded.
The orc priest mumbles some strange prayers to Beogh against you.
Beogh smites you!
Ouch! That really hurt!
* * * LOW HITPOINT WARNING * * *
There is a stone staircase leading up, spattered with blood here.
The orc wizard barely misses you.
You climb upwards.
There is a stone staircase leading down here.
You hit the orc wizard.
You feel better.
The orc wizard is lightly wounded.
The orc wizard misses you.
You closely miss the orc wizard.
The orc wizard is lightly wounded.
The orc wizard closely misses you.
You closely miss the orc wizard.
The orc wizard is lightly wounded.
The orc wizard mumbles some strange words.
The orc wizard flickers and vanishes!
Deactivating autopickup; reactivate with Ctrl-A.
Something hits you.
* * * LOW HITPOINT WARNING * * *
You miss something. Something hits you.
You die...

......##........#
#..............
......##........#
######..#.#.#..
.#....##........#
##..##...#..
...##############
#..###.###.. ...# ###......#
#.. .### #........# #.. .#
###.#......# #..
.#################.[.#......#
##.
................@{.###......#
## ####################
#......# # #......# #......#
#......# #......# ########


There were no monsters in sight!

Vanquished Creatures
  Terence (D:2)
  3 gnolls (D:3)
  2 adders (D:2)
  A worm (D:2)
  5 orcs
  4 endoplasms
  2 giant cockroaches
  5 goblins
  2 hobgoblins
  2 jackals (D:2)
  3 kobolds (D:1)
  A quokka (D:1)
  A ball python (D:1)
  3 bats
  8 frilled lizards
  4 rats
47 creatures vanquished.

Vanquished Creatures (others)
  7 plants (D:2)
7 creatures vanquished.

Grand Total: 54 creatures vanquished

Notes
Turn   | Place    | Note
-------+----------+-------------------------------------------
     0 | D:1      | eggzz the Deep Elf Air Elementalist began the quest for the
                  | Orb.
     0 | D:1      | Reached XP level 1. HP: 10/10 MP: 6/6
   203 | D:1      | Found a faded altar of an unknown god.
   287 | D:1      | Reached XP level 2. HP: 15/15 MP: 5/8
   542 | D:1      | Learned a level 2 spell: Static Discharge
  1256 | D:3      | Reached XP level 3. HP: 18/19 MP: 6/10
  1304 | D:2      | Found Zit Isiu's Distillery.
  1365 | D:2      | Noticed Terence
  1397 | D:2      | Killed Terence
  1491 | D:2      | Learned a level 3 spell: Swiftness
  1579 | D:2      | Reached skill level 4 in Spellcasting
  1579 | D:2      | Reached XP level 4. HP: 24/24 MP: 8/12
  1972 | D:2      | Learned a level 4 spell: Airstrike
  2312 | D:2      | Slain by an orc wizard

Illustrated notes

Levels and vault maps discovered:
D:1:      wander_arrival_estate, layout_basic, basic_ecumenical_altar
D:2:      layout_rooms, serial_shops, nicolae_shop_statue_plus,
          minmay_lizard_king, uniq_terence
D:3:      layout_basic, serial_undead, serial_undead_f, serial_undead_c,
          serial_undead_a, serial_undead_f

Skill      XL: |  1  2  3 |
---------------+----------+-----
Stealth        | 3 |  3.8
Conjurations   | 2 |  2.6
Spellcasting   | 4 |  4.2
Fighting       | |  0.2
Dodging        | |  2.6
Air Magic      | |  3.7

Action                   |  1- 3 |  4- 6 || total
-------------------------+-------+-------++-------
Melee: Falchion          |       |    26 ||    26
 Cast: Shock             |    70 |    31 ||   101
       Static Discharge  |     1 |       ||     1
Armor: Robe              |     2 |       ||     2
Dodge: Dodged            |    10 |    17 ||    27
       Rpst.: Falchion   |       |     6 ||     6
